 Dungeon Crawl Stone Soup version 0.27-a0-1140-g099f9bb0e8 (webtiles) character file.

Game seed: 12574296642601020110

1614 HoaS the Cruncher (level 8, -1/48 HPs)
             Began as a Gargoyle Gladiator on May 9, 2021.
             Was a Believer of Okawaru.
             Slain by an orc
             ... wielding a +0 morningstar
              (4 damage)
             ... on level 6 of the Dungeon.
             The game lasted 00:12:15 (5728 turns).

HoaS the Cruncher (Gargoyle Gladiator)              Turns: 5728, Time: 00:12:16

Health: -1/48      AC: 20    Str: 19    XL:     8   Next: 96%
Magic:  10/10      EV:  5    Int: 10    God:    Okawaru [**....]
Gold:   34         SH:  0    Dex: 11    Spells: 7/7 levels left

rFire    . . .     SeeInvis .   a - +0 quarterstaff
rCold    . . .     Faith    .   (shield currently unavailable)
rNeg     + . .     Spirit   .   b - +0 plate armour
rPois    ∞         Reflect  .   c - +0 helmet
rElec    +         Harm     .   (no cloak)
rCorr    .         Rampage  .   m - +1 pair of gloves {archery}
Will     .....     Rnd*Tele +   (no boots)
Stlth    ..........             (no amulet)
HPRegen  0.16/turn              f - ring of flight
MPRegen  0.12/turn              (no ring)

@: flying
A: sickness immunity, AC +5, negative energy resistance 1, electricity
resistance, torment resistance 1, unbreathing 1, petrification resistance,
iridescent scales 1, robust 1, teleportitis 1
a: Renounce Religion, Heroism


You were on level 6 of the Dungeon.
You worshipped Okawaru.
Okawaru was pleased with you.
You visited 2 branches of the dungeon, and saw 7 of its levels.
You also visited: Sewer.

You collected 281 gold pieces.
You spent 247 gold pieces at shops.

Inventory:

Hand Weapons
 a - a +0 quarterstaff (weapon)
Missiles
 d - a throwing net (quivered)
 j - 63 arrows
 k - 105 bolts
 l - a curare-tipped dart
Armour
 b - a +0 plate armour (worn)
 c - a +0 helmet (worn)
 m - a +1 pair of gloves of archery (worn)
Jewellery
 f - a ring of flight (left hand)
Scrolls
 i - a scroll of magic mapping
Potions
 e - 2 potions of lignification
 g - 4 potions of flight
 n - a potion of haste {unknown}
 o - a potion of heal wounds {unknown}
 p - a potion of curing
 r - a potion of attraction {unknown}


   Skills:
 - Level 2.1 Fighting
 * Level 10.9 Staves
 - Level 1.7 Throwing
 - Level 2.4 Dodging
 - Level 3.0 Invocations


You had 7 spell levels left.
You didn't know any spells.
Your spell library was empty.

Dungeon Overview and Level Annotations

Branches:
Dungeon (6/15)             Temple (1/1) D:5           Sewer (visited)

Altars:
Ashenzari
Cheibriados
Dithmenos
Elyvilon
Fedhas
Gozag
Hepliaklqana
Kikubaaqudgha
Makhleb
Nemelex Xobeh
Okawaru
Qazlal
Ru
Sif Muna
Trog
Vehumet
Wu Jian
Xom
Yredelemnul
Zin
The Shining One

Shops:
D:5 [


Innate Abilities, Weirdness & Mutations

You are immune to sickness and miasma.
Your stone body is resilient. (AC +5)
You are immune to poison.
You resist negative energy. (rN+)
You are resistant to electric shocks. (rElec)
You are resistant to unholy torment.
You can survive without breathing.
You are immune to petrification.
You are partially covered in iridescent scales. (AC +2)
You are robust. (+10% HP)
You are occasionally teleported next to monsters.


Message History

It was a potion of mutation.
You feel extremely strange.
You feel robust.
You feel weirdly uncertain.
Iridescent scales grow over part of your body.
The orc hits you but does no damage.
The orc warrior hits you but does no damage.
You feel better. The orc hits you with a +0 morningstar.
The orc warrior hits you but does no damage.
You hit the orc warrior.
The orc warrior is heavily wounded.
The orc closely misses you. The orc warrior barely misses you.
You sock the orc warrior!
The orc warrior is almost dead.
The orc hits you with a +0 morningstar.
You hit the orc warrior but do no damage.
The orc warrior is almost dead.
The orc warrior hits you with a +3 trident!
* * * LOW HITPOINT WARNING * * *
You barely miss the orc warrior.
The orc warrior is almost dead.
The orc hits you with a +0 morningstar.
* * * LOW HITPOINT WARNING * * *
The orc warrior hits you with a +3 trident.
* * * LOW HITPOINT WARNING * * *
You sock the orc warrior!
You kill the orc warrior!
Okawaru accepts your kill. The orc hits you but does no damage.
The orc closely misses you.
Things that are here:
a +3 trident; a +0 chain mail You closely miss the orc.
The orc hits you but does no damage.
You hit the orc.
The orc is lightly wounded.
Your plate armour prevents you from hitting the orc.
The orc is lightly wounded.
The orc barely misses you.
You closely miss the orc.
The orc is lightly wounded.
The orc hits you with a +0 morningstar.
You die...

#.........#
#.........#
#.(.......#
#.........#
#.........#
####.........# ###.
#............##.....
#.................#
#..........@o##.#
#......##.(.....#
#......##.##.####
##.###.##.##.#
#.#...##.##†#
#.#......##<#
#[###########
#...........#
##############.##


You could see an orc.

Vanquished Creatures
  Menkaure (D:5)
  A water moccasin (D:6)
  An orc warrior (D:6)
  2 necrophages (D:5)
  An ogre (D:5)
  2 ice beasts (D:5)
  A phantom (D:5)
  Blork the orc (D:5)
  A kobold brigand (Sewer)
  2 scorpions
  An orc priest (D:4)
  4 hounds
  A bullfrog skeleton (D:5)
  3 iguanas
  2 orc wizards
  7 adders
  5 river rats
  A white imp (D:5)
  3 worms (D:4)
  A dart slug (D:4)
  9 orcs
  2 endoplasms
  2 giant cockroaches (D:1)
  11 goblins
  3 hobgoblins
  18 jackals
  10 kobolds
  A quokka (D:5)
  8 ball pythons
  4 bats
  A frilled lizard (D:3)
  A quokka skeleton (D:4)
  11 rats
122 creatures vanquished.

Notes
Turn   | Place    | Note
-------+----------+-------------------------------------------
     0 | D:1      | HoaS the Gargoyle Gladiator began the quest for the Orb.
     0 | D:1      | Reached XP level 1. HP: 12/12 MP: 1/1
   204 | D:1      | Reached XP level 2. HP: 16/17 MP: 2/2
   394 | D:1      | Found a faded altar of an unknown god.
   539 | D:1      | Reached skill level 4 in Staves
   544 | D:1      | Reached XP level 3. HP: 21/21 MP: 3/3
  1062 | D:2      | You are sucked into a shaft and drop 1 floor!
  1093 | D:3      | Reached XP level 4. HP: 23/26 MP: 4/4
  1195 | D:2      | Reached skill level 5 in Staves
  2685 | D:4      | Reached XP level 5. HP: 30/30 MP: 5/5
  2698 | D:4      | Found a broken altar of Ashenzari.
  2719 | D:4      | Reached skill level 6 in Staves
  2783 | D:4      | Reached XP level 6. HP: 30/35 MP: 6/6
  2805 | D:4      | Found a glowing drain.
  2819 | Sewer    | Entered a sewer
  3064 | Sewer    | Reached skill level 7 in Staves
  3380 | Sewer    | Found a white marble altar of Elyvilon.
  3627 | D:4      | Found an ornate altar of the Wu Jian Council.
  3629 | D:4      | Found an ancient bone altar of Kikubaaqudgha.
  3747 | D:4      | Reached XP level 7. HP: 29/40 MP: 7/7
  4004 | D:5      | Entered Level 5 of the Dungeon
  4203 | D:5      | Found a staircase to the Ecumenical Temple.
  4221 | Temple   | Entered the Ecumenical Temple
  4320 | Temple   | Became a worshipper of Warmaster Okawaru
  4357 | D:5      | Found Amoacooth's Armour Shoppe.
  4429 | D:5      | Reached skill level 8 in Staves
  4429 | D:5      | Reached skill level 1 in Invocations
  4633 | D:5      | Reached * piety under Okawaru
  4653 | D:5      | Reached XP level 8. HP: 38/44 MP: 8/10
  4679 | D:5      | Reached skill level 9 in Staves
  4839 | D:5      | Noticed Menkaure
  4846 | D:5      | Killed Menkaure
  5014 | D:5      | Reached ** piety under Okawaru
  5015 | D:5      | Reached skill level 10 in Staves
  5104 | D:5      | Noticed Blork the orc
  5116 | D:5      | Killed Blork the orc
  5487 | D:5      | Bought a +1 pair of gloves of archery for 247 gold pieces
  5717 | D:6      | Gained mutation: You are robust. (+10% HP) [potion of
                  | mutation]
  5717 | D:6      | Gained mutation: You are occasionally teleported next to
                  | monsters. [potion of mutation]
  5717 | D:6      | Gained mutation: You are partially covered in iridescent
                  | scales. (AC +2) [potion of mutation]
  5722 | D:6      | HP: 2/48 [orc warrior/+3 trident (2)]
  5728 | D:6      | Slain by an orc

Illustrated notes

Levels and vault maps discovered:
D:1:      psy_arrival_radial01, layout_basic,
          shapermc_ecumenical_altar_totnotflames, serial_bayou_pond_e
D:2:      layout_loops_cross, nrook_loot_triangle
D:3:      layout_basic, moated_statue
D:4:      layout_rooms, cheibrodos_ashenzari_chains, grunt_temple_overflow_open,
          lightli_sewer_entry_pipes, wad_floor_pattern_1
D:5:      layout_loops_corners, minmay_temple_entry_slanted, serial_shops,
          shop_statue, uniq_blork_the_orc, uniq_menkaure
D:6:      layout_basic
Temple:   hc_temple_tempest_star

Skill      XL: |  1  2  3  4  5  6  7  8 |
---------------+-------------------------+-----
Staves         | 4 5 6 7 8 10 | 10.9
Invocations    | 2 3 |  3.0
Fighting       | |  2.1
Throwing       | |  1.7
Dodging        | |  2.4

Action                   |  1- 3 |  4- 6 |  7- 9 || total
-------------------------+-------+-------+-------++-------
Melee: Quarterstaff      |    96 |   218 |   187 ||   501
Throw: Throwing net      |       |       |     3 ||     3
  Use: Scroll            |     2 |     6 |     3 ||    11
       Potion            |       |       |     2 ||     2
 Stab: Held in net/web   |       |       |     1 ||     1
Armor: Leather armour    |    20 |       |       ||    20
       Ring mail         |    43 |   121 |    38 ||   202
       Plate armour      |       |       |    14 ||    14
Dodge: Dodged            |    59 |   158 |    82 ||   299

Table legend: (Time is in decaauts)
 A = Elapsed time spent in this place.
 B = Non-inter-level travel time spent in this place.
 C = Inter-level travel time spent in this place.
 D = Time resting spent in this place.
 E = Time spent auto-exploring this place.
 F = Levels seen in this place.
 G = Mean time per level.
                   A        B        C        D        E       F      G
               +--------+--------+--------+--------+--------+-----+--------+
         Total |   5713 |   5392 |    321 |   1067 |   3266 |   8 |  714.1 |
       Dungeon |   4983 |   4674 |    309 |    690 |   3074 |   6 |  830.5 |
        Temple |    111 |     99 |     12 |      0 |     96 |   1 |  111.0 |
         Sewer |    617 |    617 |      0 |    377 |     96 |   1 |  617.0 |
               +--------+--------+--------+--------+--------+-----+--------+

Top non-repeatable levels by time:
     D:5: 1241 daAuts
     D:1: 1096 daAuts
     D:4: 872 daAuts
     D:2: 800 daAuts
     D:3: 792 daAuts
   Sewer: 617 daAuts
     D:6: 179 daAuts
  Temple: 111 daAuts
